 Dungeon Crawl Stone Soup version 0.20.1 (webtiles) character file.

3290 vishdafish the Grappler (level 9, -4/79 HPs)
             Began as a Troll Monk on July 2, 2017.
             Was a Priest of Hepliaklqana.
             Slain by a killer bee (5 damage)
             ... on level 8 of the Dungeon.
             The game lasted 00:16:24 (6022 turns).

vishdafish the Grappler (Troll Monk)                Turns: 6022, Time: 00:16:24

Health: -4/79      AC:  5    Str: 24    XL:     9   Next: 69%
Magic:  8/8        EV: 12    Int:  6    God:    Hepliaklqana [***...]
Gold:   428        SH: 10    Dex: 16    Spells: 8/8 levels left

rFire    . . .     SeeInvis .     - Unarmed
rCold    . . .     Gourm    +   p - +0 shield
rNeg     . . .     Faith    .   a - +0 robe
rPois    .         Spirit   .   (helmet restricted)
rElec    .         Reflect  .   (no cloak)
rCorr    .         Harm     .   (gloves unavailable)
MR       .....                  (boots unavailable)
Stlth    ++........             (no amulet)
Regen    0.7/turn               I - +4 ring of dexterity
MPRegen  0.2/turn               (no ring)

@: lethally poisoned (-4 -> -5), about to teleport
A: unfitting armour, reduced essence, claws 3, fast metabolism 3, gourmand,
regeneration 1, shaggy fur 1, tough skin 2
a: Recall Ancestor, Ancestor Identity, Transference, Renounce Religion


You were on level 8 of the Dungeon.
You worshipped Hepliaklqana.
Hepliaklqana was most pleased with you.
You were not hungry.

You visited 2 branches of the dungeon, and saw 9 of its levels.
You also visited: Sewer.

You collected 428 gold pieces.

Inventory:

Hand Weapons
 u - a +0 flail of crushing
 J - the +1 quarterstaff of Dust {holy, rC+ MP+9}
   (You found it on level 6 of the Dungeon)

   It has been blessed by the Shining One to cause great damage to the undead
   and demons.
   It protects you from cold.
   It affects your magic capacity (+9).
Armour
 a - a +0 robe (worn)
 p - a +0 shield (worn)
Jewellery
 C - the ring of Harmony {Ice rPois Str-5 Int+5}
   (You found it on level 5 of the Dungeon)

   [ring of ice]

   It enhances your ice magic.
   It affects your strength (-5).
   It affects your intelligence (+5).
   It makes you vulnerable to fire.
   It protects you from cold.
   It protects you from poison.
 E - an uncursed ring of ice
 I - a +4 ring of dexterity (left claw)
 N - an uncursed ring of flight {unknown}
Wands
 g - a wand of digging (2/24)
 H - a wand of digging (6/24)
 K - a wand of disintegration (14/24)
 L - a wand of polymorph (16/24)
 O - a wand of paralysis (5/24)
Scrolls
 d - 2 scrolls of teleportation
 e - 4 scrolls of magic mapping {unknown}
 i - a scroll of recharging {unknown}
 k - 2 scrolls of enchant armour
 o - 3 scrolls of blinking {unknown}
 q - 3 scrolls of amnesia {unknown}
 s - a scroll of immolation {unknown}
 y - a scroll of remove curse {unknown}
 A - a scroll of enchant weapon {unknown}
 B - a scroll of fear {unknown}
 F - 3 scrolls of identify
Potions
 c - 4 potions of heal wounds
 f - 2 potions of resistance
 h - 4 potions of curing
 j - a potion of cancellation
 l - a potion of haste
 n - 3 potions of agility
 r - 3 potions of lignification {unknown}
 t - 2 potions of berserk rage {unknown}
 v - 3 potions of flight
 w - 2 potions of might {unknown}
 x - 2 potions of brilliance {unknown}
 z - a potion of magic {unknown}
 D - a potion of mutation {unknown}
Comestibles
 m - 4 royal jellies
 G - 4 fruits
 M - 2 meat rations


   Skills:
 + Level 5.6 Fighting
 + Level 5.8 Dodging
 - Level 1.0 Stealth
 + Level 4.5 Shields
 * Level 9.4 Unarmed Combat


You had 8 spell levels left.
You didn't know any spells.

Dungeon Overview and Level Annotations

Branches:
Dungeon (8/15)             Temple (1/1) D:5
   Lair: D:8-11

Altars:
Ashenzari
Cheibriados
Dithmenos
Elyvilon
Fedhas
Gozag
Hepliaklqana
Kikubaaqudgha
Makhleb
Nemelex Xobeh
Okawaru
Qazlal
Ru
Sif Muna
Trog
Uskayaw
Vehumet
Xom
Yredelemnul
Zin
The Shining One

Shops:
D:6 =


Innate Abilities, Weirdness & Mutations

You are too large for most types of armour.
You have claws for hands.
Your metabolism is lightning-fast.
You like to eat raw meat.
Your natural rate of healing is unusually fast.
You are covered in fur. (AC +1)
You have very tough skin. (AC +2)
Your life essence is reduced to manifest your ancestor. (-10% HP)


Message History

Something stings Djefatnebti.
Djefatnebti is destroyed!
The killer bee closely misses you. The killer bee stings you.
* * * LOW HITPOINT WARNING * * *
The killer bee barely misses you.
You block the killer bee's attack. x2; The killer bee stings you.
* * * LOW HITPOINT WARNING * * *
Okay, then.
As you read the scroll of teleportation, it crumbles to dust.
You feel strangely unstable. You block the killer bee's attack.
The killer bee stings you.
* * * LOW HITPOINT WARNING * * *
You are poisoned.
The killer bee poisons you! You block the killer bee's attack.
The killer bee stings you.
* * * LOW HITPOINT WARNING * * *
The killer bee stings you but does no damage.
The killer bee barely misses you. The killer bee stings you.
You die...

#...#..##.....##......# #.#
#...#.................# #.#
#...#.................# #.#
#...#.................###.#
#...#............<.........
#...#...........R.....##...
#...#..#####+###......##...
#...#..##.yy..##......##...
#...#.(...@yy.......(.##...
#...#.>...y...........#####
#...#.................#
#...#.................#
#...#.................#
#...#.................#
#...#........)........#
#...#.................#
#...#.................#


You could see 5 killer bees.

Vanquished Creatures
  Grinder (D:4)
  Duvessa (D:4)
  An orc warrior (D:8)
  A sky beast (D:6)
  A black bear (D:7)
  An ice beast (D:4)
  A phantom (D:4)
  3 ogres
  Blork the orc (D:6)
  4 big kobolds (Sewer)
  2 bullfrogs
  Dowan (D:4)
  A wyvern zombie (D:7)
  A gnoll sergeant (D:6)
  A scorpion (D:7)
  5 killer bees
  2 howler monkeys
  A crimson imp (D:6)
  2 bullfrog zombies
  A centaur zombie (D:7)
  3 hounds
  An orc priest (D:3)
  4 orc wizards
  2 centaur skeletons (D:7)
  An iguana (D:4)
  A bullfrog skeleton (D:4)
  A worker ant (D:7)
  A hound zombie (D:7)
  A howler monkey skeleton (D:2)
  4 adders
  2 gnolls (D:6)
  6 river rats
  A shadow imp (D:5)
  An adder skeleton (D:4)
  An adder zombie (D:2)
  2 worms (D:2)
  2 dart slugs
  2 leopard geckos
  6 orcs
  7 ball pythons (Sewer)
  7 giant cockroaches
  7 goblins
  3 hobgoblins
  4 jackals
  2 quokkas (D:2)
  10 bats
  4 frilled lizards
  A giant cockroach zombie (D:5)
  13 kobolds
  2 leopard gecko skeletons
  2 leopard gecko zombies (D:2)
  A quokka skeleton (D:6)
  29 rats
166 creatures vanquished.

Vanquished Creatures (collateral kills)
  Eustachio (D:5)
  An ice beast (D:6)
  An ogre (D:6)
  A killer bee (D:8)
  A crimson imp (D:8)
  A centaur skeleton (D:7)
  An orc priest (D:8)
  A bullfrog skeleton (D:7)
  An iguana (D:8)
  A worker ant (D:6)
  3 gnolls (D:6)
  5 orcs
  A quokka (D:6)
  A frilled lizard (D:5)
20 creatures vanquished.

Vanquished Creatures (others)
  2 battlemagi (D:8)
2 creatures vanquished.

Grand Total: 188 creatures vanquished

Notes
Turn   | Place    | Note
-------+----------+-------------------------------------------
     0 | D:1      | vishdafish the Troll Monk began the quest for the Orb.
     0 | D:1      | Reached XP level 1. HP: 22/22 MP: 0/0
   227 | D:1      | Reached XP level 2. HP: 29/29 MP: 1/1
   786 | D:2      | Reached XP level 3. HP: 36/36 MP: 2/2
  1019 | D:2      | Reached skill level 4 in Unarmed Combat
  1019 | D:2      | Reached XP level 4. HP: 33/44 MP: 3/3
  1230 | D:3      | Found a faded altar of an unknown god.
  1403 | D:3      | Reached XP level 5. HP: 27/53 MP: 4/4
  1591 | D:3      | Found a glowing drain.
  1604 | Sewer    | Entered a sewer
  1642 | Sewer    | Reached skill level 1 in Shields
  1642 | Sewer    | Reached skill level 5 in Unarmed Combat
  1642 | Sewer    | Reached XP level 6. HP: 58/61 MP: 5/5
  1953 | Sewer    | Reached XP level 7. HP: 57/67 MP: 6/6
  2500 | D:4      | Reached skill level 6 in Unarmed Combat
  2501 | D:4      | Noticed Duvessa
  2503 | D:4      | Noticed Dowan
  2584 | D:4      | Killed Duvessa
  2587 | D:4      | Killed Dowan
  3253 | D:4      | Reached XP level 8. HP: 44/78 MP: 7/7
  3337 | D:4      | Noticed Grinder
  3339 | D:4      | Paralysed by Grinder for 2 turns
  3356 | D:4      | Killed Grinder
  3356 | D:4      | Reached skill level 7 in Unarmed Combat
  3410 | D:5      | Entered Level 5 of the Dungeon
  3466 | D:5      | Got a wavering pewter ring
  3479 | D:5      | Identified the ring of Harmony {Ice rPois Str-5 Int+5} (You found it on level 5 of the Dungeon)
  3633 | D:5      | Found a staircase to the Ecumenical Temple.
  3663 | Temple   | Entered the Ecumenical Temple
  3839 | Temple   | Became a worshipper of Hepliaklqana the Forgotten
  3839 | Temple   | Reached * piety under Hepliaklqana
  3839 | Temple   | Reached ** piety under Hepliaklqana
  3840 | Temple   | Remembered your ancestor Djefatnebti as a battlemage
  4088 | D:5      | Noticed Eustachio
  4102 | D:5      | Killed Eustachio
  4291 | D:6      | Reached skill level 5 in Dodging
  4291 | D:6      | Reached skill level 8 in Unarmed Combat
  4292 | D:6      | Noticed Blork the orc
  4372 | D:6      | Killed Blork the orc
  4487 | D:6      | Got a dazzling quarterstaff
  4496 | D:6      | Identified the +1 quarterstaff of Dust {holy, rC+ MP+9} (You found it on level 6 of the Dungeon)
  4570 | D:6      | Reached XP level 9. HP: 78/78 MP: 8/8
  4595 | D:6      | Found Wyovoor's Jewellery Emporium.
  4670 | D:6      | Reached skill level 5 in Fighting
  5267 | D:7      | Reached skill level 9 in Unarmed Combat
  5454 | D:7      | Reached *** piety under Hepliaklqana
  5673 | D:8      | Found a sparkling altar of Nemelex Xobeh.
  5723 | D:8      | Paralysed by an orc priest for 6 turns
  5914 | D:8      | Noticed a queen bee
  6010 | D:8      | HP: 2/79 [killer bee (6)]
  6022 | D:8      | HP: 3/79 [killer bee (6)]
  6022 | D:8      | HP: 1/79 [killer bee (2)]
  6022 | D:8      | Slain by a killer bee

Skill      XL: |  1  2  3  4  5  6  7  8  9 |
---------------+----------------------------+-----
Unarmed Combat | 4 5 6 8 9 |  9.4
Dodging        | 3 4 5 |  5.8
Fighting       | 3 4 5 |  5.6
Shields        | 1 2 3 4 |  4.5
Stealth        | |  1.0

Action                   |  1- 3 |  4- 6 |  7- 9 || total
-------------------------+-------+-------+-------++-------
Melee: Unarmed           |    85 |   180 |   224 ||   489
       Punch             |     2 |       |       ||     2
Invok: Ancestor Life: Ba |       |       |     1 ||     1
       Recall Ancestor   |       |       |     1 ||     1
Evoke: Wand              |       |       |     4 ||     4
  Use: Scroll            |       |       |    10 ||    10
       Potion            |       |       |     4 ||     4
 Stab: Distracted        |     1 |       |     2 ||     3
       Sleeping          |     1 |     1 |     9 ||    11
  Eat: Chunk             |     4 |    13 |    11 ||    28
       Meat ration       |     1 |       |     1 ||     2
       Bread ration      |       |       |     4 ||     4
Armor: Robe              |    19 |    73 |    36 ||   128
Dodge: Dodged            |    30 |    71 |    91 ||   192
Block: Shield            |       |    88 |   111 ||   199
